 Seeded DCSS version 0.28.0-43-g3370ac3207 (webtiles) character file.

Game seed: 7121082916606783627 (custom seed)

49 gzilladon the Chopper (level 3, -8/33 HPs)
             Began as a Hill Orc Monk on Mar 30, 2022.
             Was a Believer of Beogh.
             Mangled by an iguana (10 damage)
             ... on level 4 of the Dungeon.
             The game lasted 00:05:28 (1547 turns).

gzilladon the Chopper (Hill Orc Monk)               Turns: 1547, Time: 00:05:28

Health: -8/33      AC:  5    Str: 15    XL:     3   Next: 77%
Magic:  3/3        EV: 11    Int: 10    God:    Beogh [**....]
Gold:   89         SH:  0    Dex: 13    Spells: 2/2 levels left

rFire   . . .      SeeInvis .   a - +0 hand axe
rCold   . . .      Faith    .   (no shield)
rNeg    . . .      Spirit   .   i - +0 ring mail
rPois   .          Reflect  .   (no helmet)
rElec   .          Harm     .   (no cloak)
rCorr   .          Rampage  .   (no gloves)
Will    .....                   (no boots)
Stlth   +.........              (no amulet)
HPRegen 0.11/turn               (no ring)
MPRegen 0.08/turn               (no ring)

@: no status effects
A: no striking features
a: Renounce Religion, Smiting


You were on level 4 of the Dungeon.
You worshipped Beogh.
Beogh was pleased with you.
You visited 1 branch of the dungeon, and saw 4 of its levels.

You collected 89 gold pieces.

Inventory:

Hand Weapons
 a - a +0 hand axe (weapon)
Missiles
 f - 13 poisoned darts (quivered)
Armour
 b - a +0 robe
 c - a +0 leather armour
 i - a +0 ring mail (worn)
Scrolls
 d - a scroll of identify {unknown}
 e - a scroll of torment {unknown}
 g - a scroll of teleportation {unknown}
 h - a scroll of immolation {unknown}
 l - a scroll of fear {unknown}
Potions
 j - a potion of attraction {unknown}
 k - a potion of curing {unknown}
 m - a potion of heal wounds {unknown}


   Skills:
 + Level 3.9 Fighting
 * Level 5.4 Axes
 + Level 0.5 Armour
 + Level 2.7 Dodging
 - Level 1.5 Stealth


You had 2 spell levels left.
You didn't know any spells.
Your spell library was empty.

Dungeon Overview and Level Annotations

Branches:
Dungeon (4/15)
 Temple: D:4-7

Altars:
Uskayaw


Message History

The orc hits you but does no damage. The hobgoblin barely misses you.
The orc hits you with a +0 morningstar. The iguana bites you.
The orc closely misses you.
You hit the orc.
The orc is severely wounded.
You hit the orc.
You kill the orc!
Beogh accepts your kill.
You hit the hobgoblin but do no damage. You barely miss the iguana.
The orc barely misses you. The hobgoblin misses you.
The orc closely misses you.
The iguana bites you but does no damage.
You closely miss the orc.
The orc is severely wounded.
You hit the iguana but do no damage. You closely miss the hobgoblin.
You hit the goblin.
You kill the goblin!
Beogh accepts your kill. The orc hits you with a +0 club.
The hobgoblin barely misses you. The iguana barely misses you.
The orc hits you but does no damage.
You closely miss the orc.
The orc is severely wounded.
You hit the iguana but do no damage. You hit the hobgoblin but do no damage.
You barely miss the giant cockroach. The giant cockroach barely misses you.
The orc hits you with a +0 club.
* * * LOW HITPOINT WARNING * * *
The hobgoblin hits you but does no damage.
The orc hits you from afar with a +0 trident.
* * * LOW HITPOINT WARNING * * *
The iguana barely misses you.
You closely miss the orc.
The orc is severely wounded.
You hit the iguana but do no damage. You hit the hobgoblin.
You hit the giant cockroach but do no damage.
The giant cockroach bites you.
* * * LOW HITPOINT WARNING * * *
The orc barely misses you.
The hobgoblin hits you but does no damage.
The iguana bites you!
You die...

### ### #.# #.#
#.######.#
#........#
#.######.# ##.#
#.#############
..(#
#.......@go...#
####
#######loB....#
.....o.....
##........##
.........#
#...........
#.#..####...
#....# ...


You could see an iguana, 3 orcs, a giant cockroach and a hobgoblin.

Vanquished Creatures
  2 worms (D:2)
  An orc (D:4)
  3 ball pythons (D:2)
  2 bats (D:1)
  3 endoplasms
  A giant cockroach (D:1)
  7 goblins
  3 hobgoblins
  9 kobolds
  4 quokkas (D:1)
  A frilled lizard (D:3)
  A rat (D:1)
37 creatures vanquished.

Vanquished Creatures (others)
  A quokka (D:3)
  7 toadstools (D:3)
8 creatures vanquished.

Grand Total: 45 creatures vanquished

Notes
Turn   | Place    | Note
-------+----------+-------------------------------------------
     0 | D:1      | gzilladon the Hill Orc Monk began the quest for the Orb.
     0 | D:1      | Reached XP level 1. HP: 19/19 MP: 1/1
    99 | D:3      | Noticed an orc priest
   100 | D:3      | Noticed an orc priest
   101 | D:3      | Noticed an orc priest
   102 | D:3      | Became a worshipper of Beogh the Brigand
   102 | D:3      | Reached * piety under Beogh
   102 | D:3      | Reached ** piety under Beogh
   142 | D:3      | Found a hide-covered altar of Uskayaw.
   272 | D:2      | Reached XP level 2. HP: 18/27 MP: 2/2
   718 | D:1      | Reached skill level 5 in Axes
   718 | D:1      | Reached XP level 3. HP: 33/33 MP: 3/3
  1435 | D:3      | Noticed an ice beast
  1547 | D:4      | Mangled by an iguana

Illustrated notes

Levels and vault maps discovered:
D:1:      minmay_arrival_plants_in_alcoves, layout_rooms, serial_shops, shop,
          chequers_serial_rivers_large_b
D:2:      layout_rooms, hellmonk_ecumenical_altar_leap_of_faith,
          minmay_door_square, nicolae_concentric_dashed_squares_mild
D:3:      cheibrodos_fertilizer, layout_basic, lemuel_tele_altar,
          lemuel_zombie_altar_yredelemnul, serial_shops,
          nicolae_shop_behind_doors, serial_rivers,
          chequers_serial_rivers_small_a, chequers_serial_rivers_micro_c,
          chequers_serial_rivers_room_a, chequers_serial_rivers_micro_e,
          chequers_serial_rivers_small_a, kennysheep_generic_room_9
D:4:      layout_basic, grunt_temple_overflow_cloverleaf, uniq_pargi,
          uniq_menkaure, uniq_natasha

Skill      XL: |  1  2 |
---------------+-------+-----
Axes           | 5 |  5.4
Fighting       | |  3.9
Armour         | |  0.5
Dodging        | |  2.7
Stealth        | |  1.5

Action                   || total
-------------------------++-------
Melee: Hand axe          ||   109
       Punch             ||     1
Invok: Convert to Beogh  ||     1
Armor: Leather armour    ||    18
       Ring mail         ||    23
Dodge: Dodged            ||   106
